[ AOE2 MATCH · #505217789 ]
UnrankedLithuanians vs Muisca
Rival team · LOSS
[ REPLAY ANALYSIS · EXTRACTED FROM THE RECORDED GAME ]
Feudal
11:18
Castle
17:05
Imperial
37:07
| APM avg | 24.5 |
| APM peak | 73 |
| eAPM avg | 16.4 |
| Villagers / military | 140 / 65 |
Focus
⚔️ 33.0% · 🌾 67.0%
Knight ×62 · Fishing Ship ×4 · Trebuchet (Packed) ×2 · Monk ×1
Feudal
13:37
Castle
18:23
Imperial
32:33
| APM avg | 35.7 |
| APM peak | 79 |
| eAPM avg | 12.9 |
| Villagers / military | 72 / 15 |
Focus
⚔️ 37.9% · 🌾 62.1%
Unknown (2562) ×54 · Monk ×9 · Trebuchet (Packed) ×5 · Fishing Ship ×3 · Unknown (2550) ×3 · Transport Ship ×1
Match map
Initial resources + every placement click. Lines = walls · curves = elevation contours. ◆ gold · ⬟ stone · ● berries · ✦ relic · ◌ wall gap
Your base· Open — 11t gap
niksu's base· Open — unwalled flank
Smoothed initial terrain · ◌ = detected wall gap · hover for details
Inputs per minute
— Bart - - niksu
Build order — Bart
First 150 of 325 actions detected
| 0:00 | Queue | Villager (Male) |
| 0:00 | Queue | Villager (Male) |
| 0:01 | Queue | Villager (Male) |
| 0:01 | Queue | Villager (Male) |
| 0:01 | Queue | Villager (Male) |
| 0:02 | Build | House |
| 0:04 | Build | House |
| 0:19 | Queue | Villager (Male) |
| 1:02 | Build | Dock |
| 1:52 | Queue | Villager (Male) |
| 2:13 | Queue | Villager (Male) |
| 2:52 | Queue | Fishing Ship |
| 3:01 | Build | House |
| 3:08 | Queue | Villager (Male) |
| 3:48 | Queue | Villager (Male) |
| 3:48 | Queue | Villager (Male) |
| 4:27 | Build | Lumber Camp |
| 4:37 | Queue | Villager (Male) |
| 4:38 | Queue | Villager (Male) |
| 5:09 | Queue | Fishing Ship |
| 5:32 | Build | House |
| 5:41 | Queue | Villager (Male) |
| 5:41 | Queue | Villager (Male) |
| 5:49 | Queue | Fishing Ship |
| 6:05 | Build | House |
| 6:13 | Queue | Villager (Male) |
| 6:30 | Queue | Fishing Ship |
| 6:43 | Queue | Villager (Male) |
| 7:01 | Build | Mill |
| 7:05 | Queue | Villager (Male) |
| 7:45 | Queue | Villager (Male) |
| 8:08 | Queue | Villager (Male) |
| 8:35 | Queue | Villager (Male) |
| 8:57 | Build | Mining Camp |
| 9:08 | Research | Feudal Age |
| 9:19 | Build | Palisade Wall |
| 9:21 | Build | Palisade Wall |
| 9:24 | Build | Palisade Wall |
| 9:30 | Build | Palisade Wall |
| 9:33 | Build | Palisade Wall |
| 9:47 | Build | Palisade Wall |
| 10:13 | Build | Barracks |
| 10:17 | Queue | Villager (Male) |
| 10:17 | Queue | Villager (Male) |
| 10:35 | Build | House |
| 10:39 | Build | House |
| 11:18 | Age | Feudal Age |
| 11:40 | Build | Mill |
| 11:49 | Build | Farm |
| 11:51 | Queue | Villager (Male) |
| 12:20 | Queue | Villager (Male) |
| 12:28 | Build | Stable |
| 12:52 | Queue | Villager (Male) |
| 12:52 | Queue | Villager (Male) |
| 13:06 | Build | Market |
| 13:46 | Queue | Villager (Male) |
| 14:25 | Research | Castle Age |
| 14:42 | Build | House |
| 14:49 | Research | Double-Bit Axe |
| 15:15 | Build | Farm |
| 15:22 | Build | Farm |
| 15:23 | Build | Farm |
| 15:32 | Build | House |
| 15:39 | Queue | Villager (Male) |
| 16:36 | Research | Loom |
| 16:39 | Queue | Villager (Male) |
| 16:52 | Research | Horse Collar |
| 17:05 | Age | Castle Age |
| 17:06 | Queue | Knight |
| 17:06 | Queue | Knight |
| 17:07 | Queue | Villager (Male) |
| 17:18 | Build | Town Center |
| 17:33 | Queue | Villager (Male) |
| 17:44 | Build | House |
| 17:47 | Build | House |
| 18:28 | Build | Farm |
| 18:32 | Queue | Knight |
| 18:32 | Queue | Knight |
| 18:33 | Queue | Villager (Male) |
| 18:33 | Queue | Villager (Male) |
| 18:47 | Build | Farm |
| 19:23 | Queue | Villager (Male) |
| 19:24 | Queue | Villager (Male) |
| 19:24 | Queue | Villager (Male) |
| 19:24 | Queue | Villager (Male) |
| 19:40 | Queue | Villager (Male) |
| 20:08 | Queue | Villager (Male) |
| 20:33 | Queue | Villager (Male) |
| 20:49 | Queue | Villager (Male) |
| 21:11 | Queue | Knight |
| 21:19 | Build | Town Center |
| 21:21 | Queue | Villager (Male) |
| 21:26 | Build | Castle |
| 21:32 | Queue | Knight |
| 21:55 | Queue | Knight |
| 22:21 | Queue | Villager (Male) |
| 22:59 | Queue | Villager (Male) |
| 23:00 | Queue | Villager (Male) |
| 23:00 | Queue | Villager (Male) |
| 23:00 | Queue | Villager (Male) |
| 23:05 | Build | Mining Camp |
| 23:11 | Queue | Villager (Male) |
| 23:31 | Queue | Knight |
| 23:44 | Queue | Villager (Male) |
| 24:17 | Queue | Villager (Male) |
| 24:17 | Queue | Villager (Male) |
| 24:28 | Build | Town Center |
| 24:30 | Queue | Villager (Male) |
| 24:39 | Build | Farm |
| 24:40 | Queue | Villager (Male) |
| 25:11 | Build | Castle |
| 25:19 | Build | Lumber Camp |
| 25:21 | Queue | Villager (Male) |
| 25:22 | Queue | Villager (Male) |
| 25:22 | Queue | Villager (Male) |
| 25:22 | Queue | Villager (Male) |
| 25:22 | Queue | Villager (Male) |
| 25:26 | Build | Farm |
| 25:27 | Build | Farm |
| 25:27 | Build | Farm |
| 25:36 | Queue | Villager (Male) |
| 25:51 | Build | Farm |
| 25:53 | Build | Farm |
| 26:00 | Queue | Villager (Male) |
| 26:00 | Queue | Villager (Male) |
| 26:00 | Queue | Villager (Male) |
| 26:00 | Queue | Villager (Male) |
| 26:03 | Queue | Villager (Male) |
| 26:06 | Build | Farm |
| 26:09 | Build | Farm |
| 26:17 | Build | House |
| 26:18 | Build | House |
| 26:56 | Research | Town Watch |
| 27:06 | Queue | Villager (Male) |
| 27:06 | Queue | Villager (Male) |
| 27:06 | Queue | Villager (Male) |
| 27:10 | Build | Monastery |
| 27:11 | Queue | Villager (Male) |
| 27:22 | Build | Farm |
| 27:46 | Build | Blacksmith |
| 28:01 | Build | Monastery |
| 28:09 | Queue | Villager (Male) |
| 28:09 | Queue | Villager (Male) |
| 28:10 | Queue | Villager (Male) |
| 28:10 | Queue | Villager (Male) |
| 28:42 | Queue | Knight |
| 28:43 | Queue | Knight |
| 28:45 | Queue | Villager (Male) |
| 28:58 | Queue | Villager (Male) |
| 29:14 | Research | Fletching |
Build order — niksu
First 150 of 256 actions detected
| 0:02 | Queue | Villager (Male) |
| 0:02 | Queue | Villager (Male) |
| 0:02 | Queue | Villager (Male) |
| 0:02 | Queue | Villager (Male) |
| 0:03 | Build | House |
| 0:05 | Build | House |
| 1:21 | Queue | Villager (Male) |
| 1:55 | Queue | Villager (Male) |
| 2:30 | Queue | Villager (Male) |
| 2:47 | Build | Settlement |
| 2:50 | Queue | Villager (Male) |
| 3:16 | Queue | Villager (Male) |
| 3:49 | Queue | Villager (Male) |
| 4:09 | Queue | Villager (Male) |
| 4:44 | Queue | Villager (Male) |
| 5:26 | Queue | Villager (Male) |
| 5:48 | Build | Dock |
| 5:49 | Queue | Villager (Male) |
| 5:51 | Queue | Villager (Male) |
| 6:04 | Queue | Villager (Male) |
| 6:15 | Build | Barracks |
| 6:17 | Queue | Villager (Male) |
| 6:46 | Build | House |
| 7:12 | Queue | Fishing Ship |
| 7:16 | Queue | Unit 2550 |
| 7:23 | Build | House |
| 7:28 | Queue | Villager (Male) |
| 7:38 | Queue | Unit 2550 |
| 7:56 | Queue | Villager (Male) |
| 8:06 | Queue | Fishing Ship |
| 8:11 | Queue | Unit 2550 |
| 8:36 | Queue | Villager (Male) |
| 8:37 | Queue | Villager (Male) |
| 8:57 | Build | Settlement |
| 9:05 | Queue | Villager (Male) |
| 9:48 | Queue | Villager (Male) |
| 10:00 | Build | Palisade Wall |
| 10:01 | Build | Palisade Wall |
| 10:03 | Build | Palisade Wall |
| 10:04 | Build | Palisade Wall |
| 10:04 | Build | Palisade Wall |
| 10:04 | Build | Palisade Wall |
| 10:05 | Build | Palisade Wall |
| 10:05 | Build | Palisade Wall |
| 10:05 | Build | Palisade Wall |
| 10:06 | Build | Palisade Wall |
| 10:07 | Build | Palisade Wall |
| 10:07 | Build | Palisade Wall |
| 10:08 | Build | Palisade Wall |
| 10:08 | Build | Palisade Wall |
| 10:13 | Queue | Villager (Male) |
| 11:02 | Queue | Villager (Male) |
| 11:04 | Research | Feudal Age |
| 11:20 | Build | Outpost |
| 11:40 | Build | Palisade Wall |
| 11:44 | Build | Palisade Wall |
| 11:46 | Queue | Villager (Male) |
| 12:11 | Queue | Fishing Ship |
| 12:36 | Build | Farm |
| 12:38 | Build | Farm |
| 12:40 | Build | Farm |
| 12:57 | Build | Outpost |
| 13:11 | Research | Loom |
| 13:34 | Build | Farm |
| 13:37 | Age | Feudal Age |
| 13:41 | Build | Blacksmith |
| 13:49 | Build | Blacksmith |
| 14:13 | Queue | Villager (Male) |
| 14:23 | Build | House |
| 14:47 | Build | Market |
| 15:32 | Build | Outpost |
| 15:43 | Research | Castle Age |
| 15:59 | Build | Settlement |
| 16:15 | Build | Settlement |
| 16:21 | Research | Double-Bit Axe |
| 17:00 | Research | Horse Collar |
| 17:02 | Research | Gold Mining |
| 17:13 | Research | Town Watch |
| 18:23 | Age | Castle Age |
| 18:31 | Build | Castle |
| 18:34 | Research | Fletching |
| 18:45 | Build | Monastery |
| 18:53 | Queue | Villager (Male) |
| 18:54 | Queue | Villager (Male) |
| 19:13 | Queue | Monk |
| 19:35 | Build | Palisade Gate |
| 19:41 | Queue | Unit 2562 |
| 19:41 | Queue | Unit 2562 |
| 19:45 | Queue | Villager (Male) |
| 19:46 | Queue | Villager (Male) |
| 19:50 | Build | Farm |
| 19:58 | Build | Farm |
| 19:59 | Queue | Unit 2562 |
| 19:59 | Queue | Unit 2562 |
| 20:00 | Research | Wheelbarrow |
| 20:00 | Queue | Villager (Male) |
| 20:13 | Queue | Unit 2562 |
| 20:22 | Build | House |
| 20:29 | Queue | Unit 2562 |
| 20:38 | Queue | Monk |
| 20:52 | Queue | Villager (Male) |
| 20:56 | Queue | Unit 2562 |
| 20:56 | Queue | Unit 2562 |
| 21:32 | Queue | Unit 2562 |
| 21:35 | Research | Bodkin Arrow |
| 21:36 | Queue | Villager (Male) |
| 21:36 | Queue | Villager (Male) |
| 21:39 | Build | Farm |
| 21:40 | Build | Farm |
| 22:00 | Queue | Unit 2562 |
| 22:05 | Queue | Unit 2562 |
| 22:57 | Queue | Unit 2562 |
| 22:57 | Queue | Unit 2562 |
| 23:08 | Queue | Villager (Male) |
| 23:08 | Queue | Villager (Male) |
| 23:10 | Queue | Unit 2562 |
| 23:10 | Queue | Unit 2562 |
| 23:15 | Queue | Villager (Male) |
| 23:19 | Build | Farm |
| 23:19 | Build | Farm |
| 23:19 | Build | Farm |
| 23:19 | Build | Farm |
| 23:21 | Queue | Villager (Male) |
| 23:38 | Queue | Unit 2562 |
| 23:38 | Queue | Unit 2562 |
| 23:55 | Build | Settlement |
| 24:04 | Research | Padded Archer Armor |
| 24:05 | Queue | Villager (Male) |
| 24:09 | Queue | Villager (Male) |
| 24:26 | Queue | Unit 2562 |
| 24:45 | Queue | Unit 2562 |
| 24:49 | Queue | Villager (Male) |
| 24:58 | Build | Farm |
| 25:00 | Queue | Villager (Male) |
| 25:01 | Build | Farm |
| 25:05 | Queue | Unit 2562 |
| 25:05 | Queue | Unit 2562 |
| 25:19 | Queue | Villager (Male) |
| 25:21 | Queue | Unit 2562 |
| 25:30 | Build | Farm |
| 25:40 | Queue | Transport Ship |
| 25:55 | Build | Farm |
| 25:58 | Queue | Unit 2562 |
| 26:10 | Research | Bow Saw |
| 26:32 | Queue | Unit 2562 |
| 27:00 | Queue | Unit 2562 |
| 27:00 | Queue | Unit 2562 |
| 27:07 | Queue | Villager (Male) |
| 27:07 | Queue | Villager (Male) |
| 27:45 | Queue | Unit 2562 |
Match timeline
| 1:02 | Bart · first_building Dock |
| 5:48 | niksu · first_building Dock |
| 6:15 | niksu · first_building Barracks |
| 9:19 | Bart · wall_segment Palisade Wall x5 |
| 9:21 | Bart · wall_segment Palisade Wall x2 |
| 9:24 | Bart · wall_segment Palisade Wall x9 |
| 9:30 | Bart · wall_segment Palisade Wall x5 |
| 9:33 | Bart · wall_segment Palisade Wall x3 |
| 9:47 | Bart · wall_segment Palisade Wall x5 |
| 10:00 | niksu · wall_segment Palisade Wall x1 |
| 10:01 | niksu · wall_segment Palisade Wall x1 |
| 10:03 | niksu · wall_segment Palisade Wall x1 |
| 10:04 | niksu · wall_segment Palisade Wall x1 |
| 10:04 | niksu · wall_segment Palisade Wall x1 |
| 10:04 | niksu · wall_segment Palisade Wall x2 |
| 10:05 | niksu · wall_segment Palisade Wall x2 |
| 10:05 | niksu · wall_segment Palisade Wall x2 |
| 10:05 | niksu · wall_segment Palisade Wall x1 |
| 10:06 | niksu · wall_segment Palisade Wall x1 |
| 10:07 | niksu · wall_segment Palisade Wall x1 |
| 10:07 | niksu · wall_segment Palisade Wall x3 |
| 10:08 | niksu · wall_segment Palisade Wall x1 |
| 10:08 | niksu · wall_segment Palisade Wall x1 |
| 10:13 | Bart · first_building Barracks |
| 11:18 | Bart · age_up feudal |
| 11:40 | niksu · wall_segment Palisade Wall x8 |
| 11:44 | niksu · wall_segment Palisade Wall x8 |
| 12:28 | Bart · first_building Stable |
| 13:37 | niksu · age_up feudal |
| 14:16 | Bart · first_market_sell 100 wood |
| 14:18 | Bart · first_market_buy 100 food |
| 15:42 | niksu · first_market_sell 100 stone |
| 17:05 | Bart · age_up castle |
| 18:23 | niksu · age_up castle |
| 18:31 | niksu · first_building Castle |
| 18:45 | niksu · first_building Monastery |
| 21:26 | Bart · first_building Castle |
| 24:57 | niksu · first_market_buy 100 wood |
| 27:10 | Bart · first_building Monastery |
| 32:33 | niksu · age_up imperial |
| 37:07 | Bart · age_up imperial |
| 41:41 | niksu · wall_segment Stone Wall x1 |
| 43:41 | niksu · resign |
[ AI ANALYSIS · 1 CREDIT ]
What really happened in this match?
Wolo.gg analyzes every decision: build order, eco, micro, common mistakes by bracket. Personalized analysis on WhatsApp or Discord in 30 seconds.
Civ guide
Lithuanians
Perfil
Jugador #616367